 Dungeon Crawl Stone Soup version 0.24-a0-201-gf205589 (webtiles) character file.

Game seed: 13148516630002692882

143 tilp the Caller (level 5, -5/35 HPs)
             Began as a Human Summoner on Mar 22, 2019.
             Slain by an iguana (8 damage)
             ... on level 3 of the Dungeon.
             The game lasted 00:10:37 (2741 turns).

tilp the Caller (Human Summoner)                    Turns: 2741, Time: 00:10:38

Health: -5/35      AC:  4    Str:  9    XL:     5   Next: 50%
Magic:  12/12      EV: 12    Int: 16    God:
Gold:   115        SH:  0    Dex: 13    Spells: 2/8 levels left

rFire    . . .     SeeInvis .   a - +2 hand axe (vamp)
rCold    . . .     Gourm    .   (no shield)
rNeg     . . .     Faith    .   t - +0 leather armour
rPois    .         Spirit   .   r - +0 Maxwell's etheric cage {RegenMP+ *Contam rElec MP+4}
rElec    +         Reflect  .   (no cloak)
rCorr    .         Harm     .   (no gloves)
MR       .....                  (no boots)
Stlth    ++........             (no amulet)
HPRegen  0.11/turn              (no ring) MPRegen 0.63/turn*
                                (no ring)

@: no status effects
A: no striking features
a: no special abilities


You were on level 3 of the Dungeon.
You were not hungry.

You visited 1 branch of the dungeon, and saw 3 of its levels.

You collected 115 gold pieces.

Inventory:

Hand Weapons
 a - a +2 vampiric hand axe (weapon)
 q - a +4 spear of venom
Missiles
 e - 85 stones (quivered)
 o - 22 sling bullets
Armour
 r - the +0 Maxwell's etheric cage (worn) {RegenMP+ *Contam rElec MP+4}
   (You took it off Robin on level 2 of the Dungeon)

   It insulates you from electricity.
   It affects your magic capacity (+4).
   It causes magical contamination when unequipped.
 t - a +0 leather armour (worn)
Jewellery
 n - an uncursed ring of resist corrosion {unknown}
Scrolls
 b - a scroll of fog {unknown}
 g - 3 scrolls of teleportation {unknown}
 h - 5 scrolls of identify {unknown}
 k - a scroll of enchant armour {unknown}
 l - 2 scrolls of blinking {unknown}
 u - a scroll of amnesia {unknown}
Potions
 c - 2 potions of might {unknown}
 d - a potion of brilliance {unknown}
 i - a potion of berserk rage {unknown}
 j - a potion of mutation {unknown}
 p - 2 potions of curing {unknown}
 s - a potion of heal wounds {unknown}
Comestibles
 f - 5 chunks of flesh
 m - 6 rations


   Skills:
 - Level 2.0 Dodging
 - Level 2.0 Stealth
 - Level 2.0 Spellcasting
 + Level 6.4 Summonings


You had 2 spell levels left.
You knew the following spells:

 Your Spells              Type           Power        Failure   Level  Hunger
a - Summon Small Mammal   Summ           ###.         1%          1    #......
b - Call Imp              Summ           ###.....     3%          2    ###....
c - Call Canine Familiar  Summ           ###.....     6%          3    ###....

Your spell library contained the following spells:

 Spells                   Type           Power        Failure   Level  Hunger
 Summon Guardian Golem    Hex/Summ       ##......     24%         3    ###....
 Summon Ice Beast         Ice/Summ       ##......     61%         4    #####..
 Summon Lightning Spire   Summ/Air       ##......     61%         4    #####..


Dungeon Overview and Level Annotations

Branches:
Dungeon (3/15)

Altars:


Message History

The iguana is severely wounded.
The iguana bites you.
You barely miss the iguana.
The iguana is severely wounded.
The iguana closely misses you. x2
You hit the iguana.
The iguana is almost dead.
Your crimson imp blinks!
The iguana barely misses you.
You closely miss the iguana.
The iguana is almost dead.
The iguana barely misses you.
You barely miss the iguana.
The iguana is almost dead.
The iguana completely misses you. The iguana bites you!
* * * LOW HITPOINT WARNING * * *
You barely miss the iguana.
The iguana is severely wounded.
The iguana bites you!
You die...

#.# #.# ####
#.# #.. #.# #.#
#.###.####
#........# ####
#####.##.#.....
#.##l5..#
#..@..(#
########


You could see an iguana and a friendly crimson imp.

Vanquished Creatures
  A hound (D:2)
  3 adders
  An ooze (D:2)
  5 leopard geckos
  4 bats
  A giant cockroach (D:3)
  6 goblins
  4 hobgoblins
  3 jackals
  3 frilled lizards
  4 kobolds
  2 rats
37 creatures vanquished.

Vanquished Creatures (collateral kills)
  Jessica (D:2)
  Robin (D:2)
  An adder (D:2)
  A dart slug (D:1)
  4 bats
  2 giant cockroaches (D:1)
  6 goblins (D:2)
  A hobgoblin (D:2)
  2 jackals
  2 kobolds
  2 frilled lizards (D:1)
  3 rats
26 creatures vanquished.

Grand Total: 63 creatures vanquished

Notes
Turn   | Place    | Note
-------+----------+-------------------------------------------
     0 | D:1      | tilp the Human Summoner began the quest for the Orb.
     0 | D:1      | Reached XP level 1. HP: 13/13 MP: 3/3
   461 | D:1      | Reached XP level 2. HP: 16/19 MP: 5/5
   469 | D:1      | Learned a level 2 spell: Call Imp
  1199 | D:2      | Reached XP level 3. HP: 22/24 MP: 6/6
  1224 | D:2      | Reached skill level 5 in Summonings
  1275 | D:2      | Noticed Robin
  1299 | D:2      | Killed Robin
  1307 | D:2      | Reached XP level 4. HP: 25/30 MP: 3/7
  1430 | D:2      | Learned a level 3 spell: Call Canine Familiar
  1991 | D:2      | Noticed Jessica
  1999 | D:2      | Reached XP level 5. HP: 35/35 MP: 8/8
  2026 | D:2      | Killed Jessica
  2026 | D:2      | Reached skill level 6 in Summonings
  2741 | D:3      | Slain by an iguana

Levels and vault maps discovered:
D:1:      arrival_zaba_pyramid, layout_basic
D:2:      layout_loops_ring, first_ration, uniq_robin, uniq_jessica
D:3:      layout_loops_cross, patterned_corridor, uniq_terence

Skill      XL: |  1  2  3  4  5 |
---------------+----------------+-----
Summonings     | 5 6 |  6.4
Dodging        | |  2.0
Stealth        | |  2.0
Spellcasting   | |  2.0

Action                   |  1- 3 |  4- 6 || total
-------------------------+-------+-------++-------
Melee: Dagger            |     5 |       ||     5
       Hand axe          |    47 |    77 ||   124
Throw: Stone             |     3 |     1 ||     4
 Cast: Summon Small Mamm |    14 |       ||    14
       Call Imp          |     7 |     6 ||    13
       Call Canine Famil |       |     3 ||     3
 Stab: Distracted        |     1 |       ||     1
       Sleeping          |       |     4 ||     4
  Eat: Chunk             |     3 |     5 ||     8
       Ration            |     1 |       ||     1
Armor: Robe              |    19 |    13 ||    32
       Leather armour    |       |    10 ||    10
Dodge: Dodged            |    38 |    50 ||    88

Table legend:
 A = Non-vault XP
 B = Vault XP
 C = Vault XP percentage of total XP
 D = Non-vault monster count
 E = Vault monster count
 F = Vault count percentage of total count
                 A         B        C        D         E       F
            +---------+---------+-------+---------+---------+-------
      Total |     155 |      50 |  24.4 |      51 |      12 |  19.0
            +---------+---------+-------+---------+---------+-------
        D:1 |      26 |       0 |   0.0 |      20 |       0 |   0.0
        D:2 |     104 |      50 |  32.5 |      22 |      12 |  35.3
        D:3 |      25 |       0 |   0.0 |       9 |       0 |   0.0
            +---------+---------+-------+---------+---------+-------
